 Dungeon Crawl Stone Soup version 0.22-a0-433-gd2a9cce (webtiles) character file.

34562 suicidejoker the Nimble (level 13, -3/120 HPs)
             Began as a Gargoyle Gladiator on May 28, 2018.
             Was an Initiate of Gozag.
             Slain by a troll (5 damage)
             ... on level 2 of the Orcish Mines on May 29, 2018.
             The game lasted 01:10:40 (19955 turns).

suicidejoker the Nimble (Gargoyle Gladiator)       Turns: 19955, Time: 01:10:42

Health: -3/120     AC: 26    Str: 19      XL:     13   Next: 78%
Magic:  15/24      EV:  2    Int:  6 (9)  God:    Gozag
Gold:   655        SH:  3    Dex: 20      Spells: 13/15 levels left

rFire    . . .     SeeInvis .   U - +9 great sword (curse)
rCold    . . .     Gourm    .   (shield currently unavailable)
rNeg     + + +     Faith    .   (armour currently unavailable)
rPois    ∞         Spirit   .   (helmet currently unavailable)
rElec    .         Reflect  +   (cloak currently unavailable)
rCorr    .         Harm     .   (gloves currently unavailable)
MR       .....     Clarity  +   (boots currently unavailable) Stlth ++++++....NoTele +
                                I - +3 amulet of reflection
HPRegen  0.30/turn              k - ring of magical power
MPRegen  0.19/turn              b - ring of wizardry

@: agile, tree-form, very slightly contaminated, starving, hasted, very quick
A: repulsion field 1, clarity, negative energy resistance 1, petrification
resistance, rot immunity, AC +9
a: Potion Petition, Call Merchant, Bribe Branch, Renounce Religion


You were on level 2 of the Orcish Mines.
You worshipped Gozag.
Gozag was pleased with you.
You were starving.
You were a tree.
You visited 3 branches of the dungeon, and saw 18 of its levels.
You also visited: Ossuary.

You collected 4156 gold pieces.
You paid 3501 gold pieces to Gozag.

Inventory:

Hand Weapons
 e - a +0 blowgun
 i - a +3 eveningstar
 p - the +4 quarterstaff of Destiny {protect, +Fly rPois, unknown}
   (You found it on level 13 of the Dungeon)

   It protects the one who uses it against injury (+AC on strike).
   It protects you from poison.
   It lets you fly.
 s - a cursed -3 shortbow
 t - a +2 dagger of speed
 x - a +4 great sword of venom
 H - the +5 dagger of Dissent {venom, rElec}
   (You found it on level 4 of the Dungeon)

   It poisons the flesh of those it strikes.
   It insulates you from electricity.
 N - a +3 flail
 R - a +0 shortbow
 U - a cursed +9 great sword (weapon)
 V - a cursed +4 long sword
 W - a +2 scimitar of freezing
 Y - a cursed +5 great sword
Missiles
 c - a throwing net
 j - 4 tomahawks of returning (quivered)
 o - 106 poisoned needles
 q - 7 javelins
 v - 367 arrows
 A - 7 tomahawks
 D - 98 bolts
 X - 7 needles of confusion
Armour
 a - a +3 scale mail of positive energy (melded)
 n - a +2 helmet
 u - a +3 buckler
 G - a +3 chain mail of poison resistance
 Q - a +0 cloak (melded)
Jewellery
 b - a ring of wizardry (right branch)
 h - an uncursed ring of flight
 k - a ring of magical power (left branch)
 I - a +3 amulet of reflection (around neck)
Wands
 P - a wand of digging (9)
 T - a wand of flame (61)
Scrolls
 g - 5 scrolls of magic mapping
 w - 9 scrolls of identify
 y - 5 scrolls of enchant armour
 z - a scroll of fog
 J - 2 scrolls of amnesia
Potions
 l - 2 potions of brilliance
 C - 2 potions of agility
 E - 4 potions of magic
 L - 2 potions of flight
Miscellaneous
 B - a lamp of fire (inert)
Comestibles
 f - 19 rations


   Skills:
 + Level 9.3 Fighting
 - Level 1.2(5.4) Short Blades
 * Level 8.4(8.5) Long Blades
 - Level 7.6 Maces & Flails
 - Level 1.7 Throwing
 + Level 9.0 Armour
 * Level 10.2 Dodging
 + Level 9.6 Stealth
 + Level 8.8 Shields
 * Level 1.5 Spellcasting
 * Level 1.5 Translocations
 * Level 1.9 Evocations


You had 13 spell levels left.
You knew the following spells:

 Your Spells              Type           Power        Failure   Level  Hunger
a - Blink                 Tloc           N/A          14%         2    ###....

Your spell library contained the following spells:

 Spells                   Type           Power        Failure   Level  Hunger
 Magic Dart               Conj           #...         17%         1    ##.....
 Apportation              Tloc           #.....       9%          1    ##.....
 Conjure Flame            Conj/Fire      #.......     45%         3    ####...
 Slow                     Hex            #.......     26%         2    ###....
 Confuse                  Hex            #.......     45%         3    ####...
 Mephitic Cloud           Conj/Pois/Air  #.......     45%         3    ####...
 Summon Small Mammal      Summ           #...         17%         1    ##.....
 Animate Skeleton         Necr           N/A          17%         1    ##.....
 Summon Ice Beast         Ice/Summ       #.......     83%         4    #####..
 Call Imp                 Summ           #.......     26%         2    ###....
 Confusing Touch          Hex            #.....       17%         1    ##.....
 Call Canine Familiar     Summ           #.......     45%         3    ####...
 Metabolic Englaciation   Hex/Ice        #.........   99%         5    ######.
 Petrify                  Tmut/Erth      #.......     83%         4    #####..
 Summon Lightning Spire   Summ/Air       #.......     83%         4    #####..
 Summon Guardian Golem    Hex/Summ       #.......     45%         3    ####...
 Gell's Gravitas          Tloc           #.........   26%         3    ####...
 Yara's Violent Unravell  Hex/Tmut       #.........   99%         5    ######.


Dungeon Overview and Level Annotations

Branches:
Dungeon (15/15)            Temple (1/1) D:7            Lair (0/6) D:9
    Orc (2/2) D:11            Elf (0/3) Orc:2        Depths (0/5) D:15
 Vaults: D:13-14

Altars:
Ashenzari
Cheibriados
Dithmenos
Elyvilon
Fedhas
Gozag
Hepliaklqana
Kikubaaqudgha
Makhleb
Nemelex Xobeh
Okawaru
Qazlal
Ru
Sif Muna
Trog
Uskayaw
Vehumet
Wu Jian
Xom
Yredelemnul
The Shining One

Annotations:
D:14 Rupert


Innate Abilities, Weirdness & Mutations

You are resistant to torment.
((Your stone body is resilient. (AC +9)))
You are immune to poison.
You resist negative energy. (rN+)
((You are resistant to electric shocks. (rElec)))
((You can survive without breathing.))
You are immune to petrification.
You are immune to rotting.
((You have a pair of small antennae on your head.))
You are surrounded by a mild repulsion field. (EV +2)
You possess an exceptional clarity of mind.
((Armour fits poorly on your strangely shaped body.))


Message History

The neqoxec gestures at you.
You feel dopey. Something feeds on your intellect!
Okay, then.
Okay, then.
The quasit closely misses you. The quasit misses you.
The quasit closely misses you.
You turn into a tree.
Your +0 cloak melds into your body.
Your +3 scale mail of positive energy melds into your body.
You feel less protected from negative energy.
Your roots penetrate the ground.
The orc warrior hits you but does no damage.
You hit the orc warrior.
The orc warrior is heavily wounded.
The orc priest mumbles some strange prayers to Beogh against you.
Beogh smites you!
* * * LOW HITPOINT WARNING * * *
You block the troll's attack. The troll claws you.
You die...
Your body crumbles into a pile of gold.

,,.......####............,,,,,,,,
,,........#...........$8.,,,,8,,*
,,.............o.....#,o,,,,,,,,,
,,..........$......o.#..,,,$,,,,,
$,.......<.....4oo......#,,,,,,,,
,,........#..oo#ooT..#.#$..,,,,$,
,,........$..o5#..#.#T...,.,,,,,*
,,.......$.o3oh3oT###......,,,,,*
,,.......$$$...#♣##*,.....$,,,,,,
,,......##.#..#### *,,.#.,.,,,,,*
,,#...##......# **,#...,,,,,,,
,,....#....#.## ****,,,,*,,,,
,,.....#.##### **,,,,,,,,
,,,,..,..,** **,**,,,*
,,,,.,..P,,*** ****,,,*
,,,,,...,,,,,* *,,,*
,,,,,,,,,,,,,** **,,,


You could see a soul eater, 2 orc high priests, an orange demon, 2 trolls, a
neqoxec, a warg, an orc sorcerer, 5 orc warriors, 2 orc priests, a quasit and 2
orcs.

Vanquished Creatures
  The ghost of grandjackal the Fighter, a journeyman DsGl of Gozag (D:12)
  A hydra (D:11)
  A catoblepas (D:13)
  A death knight (D:13)
  A centaur warrior (D:13)
  8 two-headed ogres
  Urug (D:10)
  4 unseen horrors
  A wizard (D:13)
  2 deep elf magi
  2 orc knights (Orc:1)
  2 ugly things
  2 cyclopes
  A manticore (D:15)
  A guardian serpent (D:13)
  Maurice (D:9)
  Joseph (D:7)
  A gargoyle (D:12)
  A komodo dragon (D:13)
  3 kobold demonologists
  A harpy zombie (D:15)
  4 trolls
  A meliai (D:13)
  A hornet (D:13)
  3 slime creatures (D:13)
  Grinder (D:6)
  2 hippogriffs
  2 centaur simulacra (D:13)
  A shadow (D:13)
  A vampire (D:11)
  A yak (shapeshifter) (D:13)
  3 wraiths
  A wyvern (D:9)
  Grum (D:8)
  3 yaks (D:11)
  A basilisk (D:13)
  A hungry ghost (D:11)
  Menkaure (D:5)
  A soldier ant (D:11)
  A warg (Orc:1)
  2 acid dragons
  2 porcupines (D:9)
  2 water moccasins
  4 ice beasts
  10 orc warriors
  2 sky beasts
  2 black bears
  2 eyes of draining
  A hornet zombie (D:11)
  9 ogres
  3 phantoms
  14 centaurs
  A necrophage (D:7)
  A boggart (D:15)
  4 wolves (D:8)
  2 crocodiles (D:13)
  4 big kobolds
  Blork the orc (D:5)
  15 bullfrogs
  A water moccasin skeleton (D:4)
  2 wyvern skeletons
  6 killer bees
  13 scorpions
  12 wights
  2 vampire bats (D:5)
  A howler monkey (D:6)
  6 crimson imps
  6 centaur zombies
  2 bullfrog zombies
  6 hounds
  A quasit (D:5)
  3 bullfrog skeletons
  5 jellies
  A gnoll shaman (D:7)
  2 human zombies (Ossuary)
  3 orc priests
  16 orc wizards
  2 iguanas
  11 worker ants
  5 big kobold zombies (Ossuary)
  A hound zombie (D:9)
  4 mummies
  2 worker ant zombies
  11 gnolls
  10 adders
  4 scorpion zombies (Ossuary)
  A shadow imp (D:9)
  An ooze (D:4)
  2 adder skeletons
  A worm (D:2)
  2 dart slugs
  6 leopard geckos
  54 orcs
  4 giant cockroaches
  A gnoll zombie (Ossuary)
  6 goblins
  3 hobgoblins
  19 jackals
  3 quokkas
  2 ball pythons
  7 bats
  4 frilled lizards
  2 goblin zombies (Ossuary)
  3 hobgoblin zombies (Ossuary)
  A jackal skeleton (D:5)
  22 kobolds
  2 orc zombies (Ossuary)
  A quokka skeleton (D:6)
  8 rats
441 creatures vanquished.

Vanquished Creatures (collateral kills)
  A troll (Orc:1)
  2 orc warriors (Orc:1)
  2 ogres (Orc:1)
  A killer bee (D:8)
  An orc wizard (Orc:1)
  4 orcs (Orc:1)
11 creatures vanquished.

Vanquished Creatures (others)
  2 unseen horrors
  A troll (Orc:1)
  A goblin zombie (Ossuary)
  10 fungi
  3 plants (D:9)
17 creatures vanquished.

Grand Total: 469 creatures vanquished

Notes
Turn   | Place    | Note
-------+----------+-------------------------------------------
     0 | D:1      | suicidejoker the Gargoyle Gladiator began the quest for the Orb.
     0 | D:1      | Reached XP level 1. HP: 12/12 MP: 1/1
   101 | D:1      | Reached XP level 2. HP: 16/18 MP: 2/2
   131 | D:1      | Reached skill level 1 in Stealth
   195 | D:1      | Reached XP level 3. HP: 18/22 MP: 3/3
   576 | D:1      | Reached skill level 1 in Armour
  1133 | D:2      | Reached XP level 4. HP: 27/27 MP: 4/4
  1771 | D:2      | Found a shimmering altar of Xom.
  1830 | D:2      | Reached skill level 3 in Dodging
  1830 | D:2      | Reached XP level 5. HP: 28/32 MP: 5/5
  2078 | D:3      | Found a deep blue altar of Sif Muna.
  2559 | D:4      | Reached skill level 1 in Shields
  2567 | D:4      | Reached XP level 6. HP: 33/37 MP: 6/6
  2648 | D:4      | Noticed a phantom
  2651 | D:4      | Got an encrusted dagger
  2652 | D:4      | Identified the +5 dagger of Dissent {venom, rElec} (You found it on level 4 of the Dungeon)
  2697 | D:4      | Killed a phantom
  2835 | D:4      | Found a burning altar of Makhleb.
  2895 | D:4      | Reached skill level 1 in Short Blades
  3216 | D:4      | Got a shimmering whip
  3224 | D:4      | Identified the +0 whip "Jugecyco" {elec, *Drain rF+ rN+ Str+9} (You found it on level 4 of the Dungeon)
  3285 | D:5      | Entered Level 5 of the Dungeon
  3309 | D:5      | Reached XP level 7. HP: 41/41 MP: 7/7
  3316 | D:5      | Found an iron altar of Okawaru.
  3357 | D:5      | Found a transporter.
  3373 | D:5      | Reached skill level 1 in Maces & Flails
  3374 | D:5      | Found a transporter.
  3419 | D:5      | Noticed Menkaure
  3435 | D:5      | Killed Menkaure
  3435 | D:5      | Reached skill level 4 in Dodging
  3501 | D:5      | Found a sand-covered staircase.
  3511 | Ossuary  | Entered an ossuary
  3790 | Ossuary  | Reached XP level 8. HP: 18/48 MP: 8/8
  4687 | D:5      | Noticed Blork the orc
  4697 | D:5      | Killed Blork the orc
  4697 | D:5      | Reached skill level 5 in Dodging
  4952 | D:5      | Reached XP level 9. HP: 41/52 MP: 9/9
  5391 | D:6      | Found a glowing golden altar of the Shining One.
  5713 | D:6      | Noticed Grinder
  5722 | D:6      | Killed Grinder
  5722 | D:6      | Reached skill level 5 in Fighting
  6378 | D:6      | Reached skill level 5 in Stealth
  6629 | D:7      | Reached skill level 5 in Maces & Flails
  6845 | D:7      | Noticed Joseph
  6859 | D:7      | Killed Joseph
  6859 | D:7      | Reached skill level 6 in Dodging
  6868 | D:7      | Reached skill level 5 in Armour
  7341 | D:7      | Found a staircase to the Ecumenical Temple.
  7353 | Temple   | Entered the Ecumenical Temple
  7642 | D:8      | Reached XP level 10. HP: 40/60 MP: 10/10
  8106 | D:8      | Reached skill level 5 in Shields
  8336 | D:8      | Noticed Grum
  8340 | D:8      | Found a shadowy altar of Dithmenos.
  8372 | D:8      | Killed Grum
  9094 | D:9      | Got a brightly glowing rapier {pain}
  9101 | D:9      | Identified the +5 rapier of the Wheel {pain, Int+3 Stlth+} (You took it off an orc on level 9 of the Dungeon)
  9127 | D:9      | Reached skill level 7 in Dodging
  9264 | D:9      | Noticed Maurice
  9273 | D:9      | Killed Maurice
  9395 | D:9      | Found an opulent altar of Gozag.
  9396 | D:9      | Found a radiant altar of Vehumet.
  9401 | D:9      | Found a snail-covered altar of Cheibriados.
  9403 | D:9      | Became a worshipper of Gozag Ym Sagoz the Greedy
  9405 | D:9      | Found a hazy altar of Hepliaklqana.
  9406 | D:9      | Found a white marble altar of Elyvilon.
  9406 | D:9      | Found a blossoming altar of Fedhas.
  9409 | D:9      | Found a burning altar of Makhleb.
  9411 | D:9      | Found a stormy altar of Qazlal.
  9472 | D:9      | Found a staircase to the Lair.
  9628 | D:10     | Entered Level 10 of the Dungeon
  9828 | D:10     | Noticed Urug
  9852 | D:10     | Killed Urug
  9852 | D:10     | Reached XP level 11. HP: 55/66 MP: 11/11
 10673 | D:11     | Noticed a green ugly thing
 10689 | D:11     | Killed a green ugly thing
 11015 | D:11     | Found a staircase to the Orcish Mines.
 11119 | D:11     | Noticed a cyclops
 11132 | D:11     | Killed a cyclops
 11184 | D:11     | Killed an unseen horror
 11615 | D:11     | Noticed a four-headed hydra
 11628 | D:11     | Killed a four-headed hydra
 11628 | D:11     | Reached skill level 8 in Dodging
 11634 | D:11     | Reached skill level 5 in Long Blades
 12525 | D:12     | Noticed grandjackal's ghost (journeyman DsGl)
 12607 | D:12     | Noticed a brown ugly thing
 12611 | D:12     | Noticed a two-headed ogre
 12623 | D:12     | Killed a two-headed ogre
 12623 | D:12     | Reached XP level 12. HP: 73/73 MP: 12/12
 12681 | D:12     | Noticed a two-headed ogre
 12695 | D:12     | Killed a two-headed ogre
 13108 | D:12     | Noticed a two-headed ogre
 13114 | D:12     | Killed a two-headed ogre
 13362 | D:12     | Killed grandjackal's ghost
 13362 | D:12     | Reached skill level 9 in Dodging
 13515 | D:12     | Noticed a two-headed ogre
 13518 | D:12     | Noticed a two-headed ogre
 13534 | D:12     | Killed a two-headed ogre
 13537 | D:12     | Killed a two-headed ogre
 14032 | D:13     | Noticed a two-headed ogre
 14042 | D:13     | Killed a two-headed ogre
 14230 | D:13     | Noticed a two-headed ogre
 14245 | D:13     | Killed a two-headed ogre
 14513 | D:13     | Gained mutation: You have a pair of small antennae on your head. [potion of mutation]
 14513 | D:13     | Gained mutation: Your magical capacity is low. (-10% MP) [potion of mutation]
 14513 | D:13     | Gained mutation: Your flesh is heat resistant. (rF+) [potion of mutation]
 14521 | D:13     | Lost mutation: Your magical capacity is low. (-10% MP) [potion of mutation]
 14521 | D:13     | Lost mutation: Your flesh is heat resistant. (rF+) [potion of mutation]
 14521 | D:13     | Gained mutation: Your body sometimes deteriorates upon taking damage. [potion of mutation]
 14521 | D:13     | Gained mutation: Your muscles are strong. (Str +2) [potion of mutation]
 15337 | D:13     | Reached XP level 13. HP: 50/79 MP: 13/13
 15518 | D:13     | Lost mutation: Your muscles are strong. (Str +2) [potion of mutation]
 15518 | D:13     | Lost mutation: Your body sometimes deteriorates upon taking damage. [potion of mutation]
 15518 | D:13     | Gained mutation: You possess an exceptional clarity of mind. [potion of mutation]
 15518 | D:13     | Gained mutation: You are surrounded by a mild repulsion field. (EV +2) [potion of mutation]
 15548 | D:13     | Got a twisted quarterstaff
 17089 | D:13     | Reached skill level 10 in Dodging
 17220 | D:14     | Noticed Rupert
 17601 | D:14     | Learned a level 2 spell: Blink
 18459 | D:15     | Entered Level 15 of the Dungeon
 18468 | D:15     | Reached skill level 1 in Evocations
 18866 | D:15     | Reached skill level 1 in Translocations
 18882 | D:15     | Reached skill level 1 in Spellcasting
 18946 | D:15     | HP: 4/80 [something/blast of calcifying dust (2)]
 18949 | D:15     | Found a staircase to the Depths.
 19369 | Orc:1    | Entered Level 1 of the Orcish Mines
 19913 | Orc:2    | Entered Level 2 of the Orcish Mines
 19935 | Orc:2    | Paralysed by an orc sorcerer for 6 turns
 19945 | Orc:2    | Gained mutation: Armour fits poorly on your strangely shaped body. [a neqoxec]
 19955 | Orc:2    | HP: 2/120 [orc priest/divine providence (14)]
 19955 | Orc:2    | Slain by a troll

Vault maps used:
D:1:      dpeg_arrival_oval
D:2:      tgw_xom, nicolae_overflow_hidden_temple
D:3:      lemuel_crystal_altar, first_ration
D:4:      bloody_makhleb
D:5:      gammafunk_temple_overflow_arena, gup_ossuary_entry_pyramid,
          roderic_batcave, uniq_menkaure, uniq_blork_the_orc
D:6:      basic_altar, hangedman_glass_teeth, uniq_grinder
D:7:      minmay_temple_entry_poolview, uniq_joseph
D:8:      nicolae_dithmenos_the_darkroom, blue_anna_alchemist,
          roderic_roman_lattice, uniq_grum
D:9:      minitemple, grunt_lair_entry_orc_guard_hut, uniq_maurice
D:10:     uniq_urug
D:11:     hiddenorc2_lemuel, kennysheep_generic_room_5
D:13:     kennysheep_windowed_halls, corexii_leaking_fountain,
          fake_guardian_serpent_vault
D:14:     david_vaults_4, hangedman_decor_peaks_small, uniq_rupert, uniq_kirke
D:15:     hangedman_slaughterboxes
Temple:   jpeg_temple_island
Orc:2:    grunt_orc_gardens, grunt_orc_garden, grunt_orc_garden,
          grunt_orc_garden, grunt_orc_garden, minmay_orc_temple_c, uniq_sonja
Ossuary:  ossuary_minmay_scorpions

Skill      XL: |  1  2  3  4  5  6  7  8  9 10 11 12 13 |
---------------+----------------------------------------+-----
Stealth        | 1 2 3 4 5 6 7 9 |  9.6
Long Blades    | 3 5 7 8 |  8.4
Armour         | 1 2 3 4 5 6 7 8 9 |  9.0
Dodging        | 3 4 5 6 7 8 9 10 | 10.2
Fighting       | 3 4 5 6 7 8 9 |  9.3
Shields        | 1 2 3 4 5 7 8 |  8.8
Short Blades   | 1 |  1.2
Maces & Flails | 2 4 5 7 |  7.6
Evocations     | 1 |  1.9
Translocations | 1 |  1.5
Spellcasting   | 1 |  1.5
Throwing       | |  1.7

Action                   |  1- 3 |  4- 6 |  7- 9 | 10-12 | 13-15 || total
-------------------------+-------+-------+-------+-------+-------++-------
Melee: Long sword        |    83 |    88 |       |       |       ||   171
       Dagger            |       |    37 |       |       |       ||    37
       Whip              |       |     1 |   460 |   397 |       ||   858
       Great sword       |       |       |       |   571 |   287 ||   858
Throw: Throwing net      |       |       |       |     5 |       ||     5
       Tomahawk          |       |       |       |     2 |     2 ||     4
 Cast: Blink             |       |       |       |       |     3 ||     3
Invok: Potion Petition   |       |       |       |     3 |     6 ||     9
Evoke: Wand              |       |       |       |    11 |    42 ||    53
       Sack of spiders   |       |       |       |     1 |     3 ||     4
       Lamp of fire      |       |       |       |       |     1 ||     1
  Use: Scroll            |       |     7 |    12 |    14 |    17 ||    50
       Potion            |       |       |     3 |    17 |    13 ||    33
 Stab: Sleeping          |     2 |     3 |     4 |     4 |     4 ||    17
       Distracted        |       |       |     1 |     9 |       ||    10
       Held in net/web   |       |       |       |     1 |       ||     1
  Eat: Chunk             |       |     7 |     4 |     7 |       ||    18
       Ration            |       |       |     3 |     8 |     4 ||    15
Armor: Leather armour    |    42 |    56 |   134 |    27 |       ||   259
       Plate armour      |       |       |       |   769 |       ||   769
       Scale mail        |       |       |       |       |   207 ||   207
       Skin              |       |       |       |       |    22 ||    22
Dodge: Dodged            |    86 |    87 |   269 |   645 |   323 ||  1410
Block: Buckler           |       |    19 |   149 |   117 |       ||   285
       Other             |       |       |       |   102 |    47 ||   149
       Reflection        |       |       |       |     6 |       ||     6
       Rpst.: Long sword |    19 |    27 |       |       |       ||    46
       Great sword       |       |       |       |   119 |    64 ||   183

Table legend:
 A = Spawn XP
 B = Non-spawn XP
 C = Spawn XP percentage of total XP
 D = Spawn monster count
 E = Non-spawn monster count
 F = Spawn count percentage of total count
 G = Total turns spent on level
                    A         B        C        D         E        F      G
               +---------+---------+-------+---------+---------+-------+---------
         Total |       0 |   49375 |   0.0 |       0 |     452 |   0.0 | 19955
               +---------+---------+-------+---------+---------+-------+---------
           D:1 |       0 |      41 |   0.0 |       0 |      21 |   0.0 |   965
           D:2 |       0 |     146 |   0.0 |       0 |      29 |   0.0 |  1204
           D:3 |       0 |      22 |   0.0 |       0 |       5 |   0.0 |   471
           D:4 |       0 |     375 |   0.0 |       0 |       9 |   0.0 |   813
           D:5 |       0 |     678 |   0.0 |       0 |      16 |   0.0 |   931
           D:6 |       0 |     890 |   0.0 |       0 |      14 |   0.0 |  1224
           D:7 |       0 |    1202 |   0.0 |       0 |      21 |   0.0 |   825
           D:8 |       0 |    1969 |   0.0 |       0 |      29 |   0.0 |  1251
           D:9 |       0 |    2108 |   0.0 |       0 |      27 |   0.0 |   791
          D:10 |       0 |    1936 |   0.0 |       0 |      26 |   0.0 |  1030
          D:11 |       0 |    6845 |   0.0 |       0 |      79 |   0.0 |  1946
          D:12 |       0 |    9040 |   0.0 |       0 |      43 |   0.0 |  1393
          D:13 |       0 |   15392 |   0.0 |       0 |      56 |   0.0 |  4043
          D:14 |       0 |    2422 |   0.0 |       0 |       6 |   0.0 |   833
          D:15 |       0 |    3090 |   0.0 |       0 |      12 |   0.0 |   496
         Orc:1 |       0 |    1744 |   0.0 |       0 |      21 |   0.0 |   544
         Orc:2 |       0 |     354 |   0.0 |       0 |       5 |   0.0 |    42
       Ossuary |       0 |    1121 |   0.0 |       0 |      33 |   0.0 |  1000
               +---------+---------+-------+---------+---------+-------+---------
